Cogmind - Beta 17 @@@ ROGUE MODE // 2026.06.25 @ 14:36:43 Player: Cinder Result: Destroyed by B-86 Titan with Hardcell Cannon Performance ------------- Evolutions (5) 2500 Regions Visited (14) 2800 Robots Destroyed (30) 150 Value Destroyed (852) 852 Prototype IDs (40) 800 Alien Tech Used (2) 400 Bonus (620) 620 TOTAL SCORE: 8122 Bonus ------- Follower Combat Kills 20 Aligned with FarCom 300 Met Zhirov 300 Cogmind --------- Core Integrity 0/1000 Matter 149/300 Energy 94/100 System Corruption 3% Temperature Warning (371) Movement Walking (120) Location -4/Proximity Caves Parts ------- > --- POWER (2) -------- (None) > --- PROPULSION (4) --- Advanced Myomer Leg Advanced Myomer Leg > --- UTILITY (9) ------ Large Storage Unit Machine Analyzer Advanced Visual Processing Unit Makeshift Propulsion Shielding System Shield Tractor Beam > --- WEAPON (2) ------- (None) > --- INVENTORY (15) --- Micro Nuclear Core Fission Core Advanced Myomer Leg High-capacity Storage Unit Structural Scanner Advanced Terrain Scanner Layered Light Armor Plating Peak State ------------ > --- POWER ------------ Nuclear Core Light Nuclear Core > --- PROPULSION ------- Flying Fortress v7 > --- UTILITY ---------- Large Storage Unit Machine Analyzer Advanced Visual Processing Unit Seismic Detector Makeshift Propulsion Shielding Layered Light Armor Plating Hacking Suite Hacking Suite System Shield > --- WEAPON ----------- High-powered Shock Rifle Mini Grenade Launcher > --- INVENTORY -------- Micro Nuclear Core Fission Core Advanced Myomer Leg Advanced Myomer Leg Advanced Myomer Leg High-capacity Storage Unit Structural Scanner Advanced Terrain Scanner Layered Light Armor Plating Tractor Beam Transdimensional Reconstructor Advanced Plasma Cannon Makeshift Shrapnel Gun [Rating: 76] Favorites ----------- Power Ion Engine Engine Ion Engine Power Core Light Nuclear Core Propulsion Aluminum Leg Leg Aluminum Leg Flight Unit Flying Fortress v7 Utility Structural Scanner Device Structural Scanner Storage Large Storage Unit Processor Advanced Visual Processing Unit Hackware Hacking Suite Protection Makeshift Propulsion Shielding Weapon Shotgun Energy Gun Particle Gun Energy Cannon Advanced Plasma Cannon Ballistic Gun Shotgun Launcher Mini Grenade Launcher Special Weapon Mining Laser Special Melee Weapon Datajack Build | -11 -10 -10 -10 -9 -8 -7 -7 -7 -6 -5 -5 -5 -5 -4 ------- Run | Yrd Mat Min Exi Min Mat Fac Low Low Fac Fac Upp Upp Zhi Pro Slots Evolved 10 | . . . . . 4 2 . . 2 2 . . . . Power 1 | . . . . . . . . . . 1 . . . . Propulsion 2 | . . . . . 2 . . . . . . . . . Utility 7 | . . . . . 2 2 . . 2 1 . . . . Weapon . | . . . . . . . . . . . . . . . Parts Attached 56 | 6 9 . . 1 9 6 4 . 3 2 2 5 6 3 Power 5 | 1 . . . . 1 . 1 . . . 1 1 . . Engine 3 | 1 . . . . 1 . 1 . . . . . . . Core 2 | . . . . . . . . . . . 1 1 . . Reactor . | . . . . . . . . . . . . . . . Propulsion 12 | 2 4 . . . 1 2 . . . . . . 3 . Treads . | . . . . . . . . . . . . . . . Leg 9 | 2 4 . . . . . . . . . . . 3 . Wheel . | . . . . . . . . . . . . . . . Hover . | . . . . . . . . . . . . . . . Flight 3 | . . . . . 1 2 . . . . . . . . Utility 24 | 1 2 . . 1 5 3 1 . 3 2 1 1 3 1 Device 6 | . 1 . . 1 2 . . . 1 . . . . 1 Storage 6 | 1 1 . . . 2 . . . . . . . 2 . Processor 3 | . . . . . 1 1 . . . 1 . . . . Hackware 3 | . . . . . . . . . 2 1 . . . . Protection 6 | . . . . . . 2 1 . . . 1 1 1 . Artifact . | . . . . . . . . . . . . . . . Weapon 15 | 2 3 . . . 2 1 2 . . . . 3 . 2 Energy Gun 3 | . 1 . . . . . 1 . . . . 1 . . Energy Cannon 2 | . . . . . . . . . . . . . . 2 Ballistic Gun 7 | 2 1 . . . 2 . 1 . . . . 1 . . Ballistic Cannon . | . . . . . . . . . . . . . . . Launcher 1 | . . . . . . . . . . . . 1 . . Special Weapon 1 | . 1 . . . . . . . . . . . . . Impact Weapon . | . . . . . . . . . . . . . . . Slashing Weapon . | . . . . . . . . . . . . . . . Piercing Weapon . | . . . . . . . . . . . . . . . Special Melee Weapon 1 | . . . . . . 1 . . . . . . . . Unidentified Prototypes 8 | . . . . . . 2 . . . . . . 5 1 Parts Lost 18 | . 2 . . . . . . . . . 2 2 . 12 Power 4 | . . . . . . . . . . . 1 1 . 2 Propulsion 2 | . 1 . . . . . . . . . . . . 1 Utility 6 | . . . . . . . . . . . 1 1 . 4 Weapon 6 | . 1 . . . . . . . . . . . . 5 Highest Loss Streak 10 | . 2 . . . . . . . . . 1 2 . 10 To Critical Strikes 2 | . . . . . . . . . . . . . . 2 Average Backups 10 | . 7 10 7 7 12 13 15 15 13 14 14 13 14 11 Power 1 | . 1 1 1 1 1 1 1 1 1 2 2 2 2 2 Propulsion 2 | . 3 5 3 2 1 2 2 2 2 2 2 2 2 2 Utility 4 | . 1 3 2 3 5 5 8 8 6 7 6 5 5 4 Weapon 2 | . 1 1 1 1 3 3 3 3 3 3 3 3 4 1 Tool/Special . | . . . . . . . . . . . . . . . Unused Backups 23 | . 2 . 5 1 3 5 1 . 2 . . . 1 3 Power 3 | . . . . . . 1 . . . . . . . 2 Propulsion 7 | . . . 4 . . 2 . . . . . . 1 . Utility 11 | . 1 . 1 1 3 1 1 . 2 . . . . 1 Weapon 1 | . 1 . . . . . . . . . . . . . Tool/Special 1 | . . . . . . 1 . . . . . . . . Average Slot Usage (%) 83 | . 97 100 100 100 66 74 76 76 79 79 82 81 71 62 Engine 9 | . 14 14 14 14 9 7 7 7 6 8 9 3 . . Core 1 | . . . . . . . . . . . 1 6 11 5 Leg 11 | . 27 28 28 28 . . . . . . . . . 4 Flight 3 | . . . . . 8 5 7 7 6 5 5 5 4 2 Device 12 | . 11 14 14 14 17 15 15 15 20 11 12 9 5 3 Storage 9 | . 14 14 14 14 9 7 7 7 6 5 5 5 5 5 Processor 6 | . . . . . 7 15 15 15 6 10 11 11 11 11 Hackware 5 | . . . . . . . . . 12 17 17 17 17 12 Protection 3 | . . . . . . 6 7 7 6 5 3 6 9 8 Energy Gun 6 | . 8 14 14 14 . . 5 7 6 5 5 5 . 1 Ballistic Gun 10 | . 19 14 14 14 14 12 7 7 6 5 5 3 . . Peak Build Rating 76 | 6 9 9 11 12 46 54 57 57 64 71 71 74 74 76 Average Rating 37 | 4 7 9 10 11 42 47 55 57 63 70 69 72 67 56 On Entrance 40 | . 6 8 9 11 12 46 52 57 57 64 71 70 74 70 Avg Prop Armor Cover (%) . | . . . . . . . . . . . . . . . Naked Turns . | . . . . . . . . . . . . . . . Heaviest Build 50 | 13 20 20 20 20 50 38 36 33 35 35 39 44 44 44 Greatest Support 90 | 20 20 20 20 20 50 50 50 50 50 50 50 50 90 60 Greatest Overweight (x) 12 | . . . . . . 12 . . . . . . 1 . Average Overweight (x) . | . . . . . . . . . . . . . . . Largest Inventory Capacity 20 | 8 10 10 10 10 20 15 15 15 15 15 15 15 15 15 Average Capacity 12 | 7 9 10 10 10 16 15 15 15 15 15 15 15 15 15 Most Carried 15 | 2 10 10 10 10 15 15 15 15 15 15 15 15 15 15 Average Carried 11 | . 7 10 9 9 12 13 14 15 13 14 14 13 14 11 Final Capacity 15 | 8 10 10 10 10 15 15 15 15 15 15 15 15 15 15 Final Carried 15 | 2 10 10 10 10 15 15 15 15 15 14 14 13 15 7 Class Distribution -------------------- 32% | Scavenger-Mutant 24% | Mutant 23% | Hacker-Mutant 11% | Scout 6% | Hacker-Scout Dominant Class ---------------- Scavenger-Mutant | -10/Materials Scavenger-Mutant | -10/Mines Scavenger-Mutant | -10/Exiles Scavenger-Mutant | -9/Mines Scout | -8/Materials Scout | -7/Factory Mutant | -7/Lower Caves Mutant | -7/Lower Caves Hacker-Scout | -6/Factory Hacker-Scout | -5/Factory Hacker-Mutant | -5/Upper Caves Hacker-Mutant | -5/Upper Caves Hacker-Mutant | -5/Zhirov Hacker-Mutant | -4/Proximity Caves Resources | -11 -10 -10 -10 -9 -8 -7 -7 -7 -6 -5 -5 -5 -5 -4 ----------- Run | Yrd Mat Min Exi Min Mat Fac Low Low Fac Fac Upp Upp Zhi Pro Matter Collected 1400 | 218 427 . . 24 152 . 199 . . . 101 87 . 192 Remotely 133 | . . . . . . . . . . . . . . 133 Salvage Created 949 | . 498 . . 44 187 . 112 . . . . . . 108 Parts 58 | . 30 . . 4 21 . 3 . . . . . . . Haulers Intercepted 1 | . . . . . 1 . . . . . . . . . Recyclers Shooed . | . . . . . . . . . . . . . . . Parts Field Recycled . | . . . . . . . . . . . . . . . Retrieved Matter . | . . . . . . . . . . . . . . . Parts Self-Destructed 9 | . . . . . . . 5 . . . 3 . . 1 Prevented . | . . . . . . . . . . . . . . . Parts Restored . | . . . . . . . . . . . . . . . Kills | -11 -10 -10 -10 -9 -8 -7 -7 -7 -6 -5 -5 -5 -5 -4 ------- Run | Yrd Mat Min Exi Min Mat Fac Low Low Fac Fac Upp Upp Zhi Pro Combat Hostiles Destroyed 21 | . 12 . . . 4 . 2 . . . . 1 . 2 Guns 18 | . 12 . . . 4 . 2 . . . . . . . AOE 3 | . . . . . . . . . . . . 1 . 2 Classes Destroyed 12 | . 6 . . 1 3 . . . . . . 1 . 1 Worker 1 | . 1 . . . . . . . . . . . . . Tunneler 2 | . . . . 2 . . . . . . . . . . Hauler 1 | . . . . . 1 . . . . . . . . . Recycler 1 | . 1 . . . . . . . . . . . . . Operator 2 | . 1 . . . 1 . . . . . . . . . Watcher 2 | . 1 . . . 1 . . . . . . . . . Swarmer 5 | . 3 . . . . . 2 . . . . . . . Cutter 3 | . . . . . 3 . . . . . . . . . Grunt 9 | . 9 . . . . . . . . . . . . . Sentry 1 | . . . . . 1 . . . . . . . . . Hunter 2 | . . . . . . . . . . . . . . 2 Programmer 1 | . . . . . . . . . . . . 1 . . Decomposer 1 | . . . . . . . 1 . . . . . . . Best Kill Streak 3 | . 3 . . 1 3 . 2 . . . . 1 . 2 Combat Bots Only 3 | . 3 . . . 3 . 2 . . . . 1 . 2 Max Kills in Single Turn 1 | . 1 . . 1 1 . 1 . . . . 1 . 1 Gunslinging . | . . . . . . . . . . . . . . . Exploded 1 | . . . . . . . . . . . . 1 . 1 Melee . | . . . . . . . . . . . . . . . Uniques/NPCs Destroyed . | . . . . . . . . . . . . . . . Combat | -11 -10 -10 -10 -9 -8 -7 -7 -7 -6 -5 -5 -5 -5 -4 -------- Run | Yrd Mat Min Exi Min Mat Fac Low Low Fac Fac Upp Upp Zhi Pro Hostile Shots Fired 427 | . 89 . . . 21 . 10 4 3 7 70 14 . 209 Missed 182 | . 30 . . . 11 . 3 2 2 4 40 3 . 87 Hits 245 | . 59 . . . 10 . 7 2 1 3 30 11 . 122 Melee 3 | . . . . . 3 . . . . . . . . . Projectile 242 | . 59 . . . 7 . 7 2 1 3 30 11 . 122 Critical Strikes 11 | . . . . . 1 . . 1 . . 1 1 . 7 Actively Blocked 3 | . . . . . . . . 1 . . . 1 . 1 Damage Taken 4101 | . 615 . . . 164 . 110 37 18 43 576 223 . 2315 Core 1128 | . 101 . . . 33 . 17 . . 16 118 . . 843 Absorbed by Shields . | . . . . . . . . . . . . . . . Redirected to Shielding 122 | . . . . . . . 4 2 2 3 19 20 . 72 Core Remaining (%) 90 | 100 . . . 59 94 . . 97 100 . . . . . Volleys Fired 120 | . 55 . . 4 13 . 8 3 . . . 9 . 28 Largest 2 | . 2 . . 2 2 . 2 1 . . . 2 . 2 Hottest 128 | . 100 . . 85 85 . 73 50 . . . 90 . 128 Shots Fired 209 | . 108 . . 8 24 . 16 3 . . . 17 . 33 Gun 171 | . 106 . . 8 24 . 16 3 . . . 7 . 7 Cannon 12 | . . . . . . . . . . . . . . 12 Launcher 24 | . . . . . . . . . . . . 10 . 14 Special 2 | . 2 . . . . . . . . . . . . . Kinetic 129 | . 87 . . 4 23 . 13 . . . . . . 2 Thermal 37 | . 21 . . 4 1 . . . . . . . . 11 Explosive 24 | . . . . . . . . . . . . 10 . 14 Electromagnetic 19 | . . . . . . . 3 3 . . . 7 . 6 Robot Hit Streak 18 | . 18 . . 2 5 . 8 11 . . . 16 . 3 Robot Miss Streak 6 | . 6 . . 1 2 . 4 . . . . 2 . 4 Penetration Max . | . . . . . . . . . . . . . . . Secondary Targets 2 | . 2 . . . . . . . . . . . . . Max Gunslinging Chain 1 | . 1 . . . . . . . . . . . . . Shots Hit Robots 131 | . 67 . . 4 22 3 11 3 . . . 10 . 11 Core Hits 80 | . 30 . . 2 16 . 7 2 . . . 5 . 18 Critical Kills 1 | . . . . . . . 1 . . . . . . . Critical Parts Destroyed . | . . . . . . . . . . . . . . . Critical Strikes 2 | . 1 . . . . . 1 . . . . . . . Burn 1 | . 1 . . . . . . . . . . . . . Destroy 1 | . . . . . . . 1 . . . . . . . Melee Attacks 3 | . . . . . . 3 . . . . . . . . Impact . | . . . . . . . . . . . . . . . Slashing . | . . . . . . . . . . . . . . . Piercing . | . . . . . . . . . . . . . . . Sneak Attacks 3 | . . . . . . 3 . . . . . . . . Combat Hostiles . | . . . . . . . . . . . . . . . Follow-up Attacks . | . . . . . . . . . . . . . . . Damage Inflicted 2660 | . 752 . . 57 331 . 171 52 . . . 286 . 1011 Guns 1468 | . 752 . . 57 331 . 171 52 . . . 22 . 83 Cannons 65 | . . . . . . . . . . . . . . 65 Explosions 1098 | . . . . . . . . . . . . 264 . 834 Melee . | . . . . . . . . . . . . . . . Ramming 29 | . . . . . . . . . . . . . . 29 Kinetic 1015 | . 536 . . 8 313 . 133 . . . . . . 25 Thermal 348 | . 216 . . 49 18 . . . . . . . . 65 Explosive 1098 | . . . . . . . . . . . . 264 . 834 Electromagnetic 170 | . . . . . . . 38 52 . . . 22 . 58 Impact . | . . . . . . . . . . . . . . . Slashing . | . . . . . . . . . . . . . . . Piercing . | . . . . . . . . . . . . . . . Highest Corruption 3 | . . . . . . . . . . . . 3 3 3 Average Corruption 2 | . . . . . . . . . . . . 2 3 3 Corruption Purged . | . . . . . . . . . . . . . . . Corruption Blocked . | . . . . . . . . . . . . . . . Effects 9 | . . . . . . . . . . . . 1 . 8 Message Errors 4 | . . . . . . . . . . . . . . 4 Matter Fused 2 | . . . . . . . . . . . . . . 2 Data Loss (major) 1 | . . . . . . . . . . . . . . 1 Misfires 2 | . . . . . . . . . . . . 1 . 1 Overload Shots . | . . . . . . . . . . . . . . . Overflow Damage 23 | . . . . . . . . . . . . 1 . 22 Projectiles . | . . . . . . . . . . . . . . . Explosions 23 | . . . . . . . . . . . . 1 . 22 Melee . | . . . . . . . . . . . . . . . Knockbacks . | . . . . . . . . . . . . . . . Impact . | . . . . . . . . . . . . . . . Kinetic . | . . . . . . . . . . . . . . . Secondary . | . . . . . . . . . . . . . . . Self-Inflicted Damage 123 | . . . . . . . . . . . . . . 123 Shots 4 | . . . . . . . . . . . . . . 4 Rammed . | . . . . . . . . . . . . . . . Targets Rammed 8 | . . . . . . . . . . . . . . 8 Kicked 8 | . . . . . . . . . . . . . . 8 Crushed . | . . . . . . . . . . . . . . . Highest Temperature 325 | . 309 . . 92 47 . 19 74 . . 325 310 . 165 Average Temperature 92 | . 83 . . 43 16 . 9 43 . . 170 164 . 79 Received Heat Transfer 1164 | . 252 . . . 54 . . 18 9 . 399 . . 432 Siege Activations . | . . . . . . . . . . . . . . . Martial Activations . | . . . . . . . . . . . . . . . Shielding Activations . | . . . . . . . . . . . . . . . Robots Disrupted . | . . . . . . . . . . . . . . . Combat Hostiles . | . . . . . . . . . . . . . . . Robots Corrupted . | . . . . . . . . . . . . . . . Combat Hostiles . | . . . . . . . . . . . . . . . Parts Fried . | . . . . . . . . . . . . . . . Impact Corruptions . | . . . . . . . . . . . . . . . Robots Melted . | . . . . . . . . . . . . . . . Combat Hostiles . | . . . . . . . . . . . . . . . Parts Melted 2 | . 1 . . 1 . . . . . . . . . . Heat Transferred 840 | . 592 . . 111 37 . . . . . . . . 100 Parts Sabotaged . | . . . . . . . . . . . . . . . Parts Stolen . | . . . . . . . . . . . . . . . Parts Stripped . | . . . . . . . . . . . . . . . Power Chain Reactions . | . . . . . . . . . . . . . . . Alert | -11 -10 -10 -10 -9 -8 -7 -7 -7 -6 -5 -5 -5 -5 -4 ------- Run | Yrd Mat Min Exi Min Mat Fac Low Low Fac Fac Upp Upp Zhi Pro Maximum Alert Level . | . . . . . . . . . . . . . . . Low Security (%) 100 | 100 100 100 . 100 100 100 . . 100 100 . . . . Level 1 . | . . . . . . . . . . . . . . . Level 2 . | . . . . . . . . . . . . . . . Level 3 . | . . . . . . . . . . . . . . . Level 4 . | . . . . . . . . . . . . . . . Level 5 . | . . . . . . . . . . . . . . . High Security . | . . . . . . . . . . . . . . . Max Security . | . . . . . . . . . . . . . . . Peak Influence 137 | . 137 24 . 5 80 31 . . 21 45 . . . . Initial 31 | . . 24 . . . 31 . . 9 . . . . . Average 30 | . 71 24 . . 18 7 . . 2 10 . . . . Influence Increases 1005 | . 396 . . 10 175 . 81 15 24 84 15 45 . 160 Destroy 0b10 Robot/C 440 | . 240 . . . 80 . 60 . . . . 20 . 40 Destroy 0b10 Robot/NC 60 | . 20 . . 10 15 . 5 . . . . . . 10 Destroy Leader 116 | . 52 . . . 24 . 10 . . . . 10 . 20 Allied During Kill 6 | . . . . . . . 6 . . . . . . . Successful Hack 82 | . 8 . . . 11 . . . 24 39 . . . . Disable Machine 30 | . 30 . . . . . . . . . . . . . Destroy Structure 1 | . 1 . . . . . . . . . . . . . Partial Spotted 30 | . . . . . 15 . . . . 15 . . . . Lose Combat Pursuer 240 | . 45 . . . 30 . . 15 . 30 15 15 . 90 Influence Decreases 1005 | . 334 38 24 10 105 70 81 . 39 39 60 40 5 160 Entered New Map 130 | . . 38 24 . . 39 . . 6 . 18 . 5 . Time Decay 755 | . 314 . . 10 105 31 61 . 33 39 42 20 . 100 Lost Part 80 | . 20 . . . . . . . . . . . . 60 Lost Ally 40 | . . . . . . . 20 . . . . 20 . . Squads Dispatched 7 | . 2 . . . 4 . . . 1 . . . . . Investigation 1 | . 1 . . . . . . . . . . . . . Extermination 1 | . . . . . . . . . 1 . . . . . Reinforcement 5 | . 1 . . . 4 . . . . . . . . . Assault . | . . . . . . . . . . . . . . . Garrison . | . . . . . . . . . . . . . . . Intercept . | . . . . . . . . . . . . . . . Searches Triggered . | . . . . . . . . . . . . . . . Construction Impeded . | . . . . . . . . . . . . . . . Haulers Reinforced . | . . . . . . . . . . . . . . . Active Scanning Responses . | . . . . . . . . . . . . . . . Cargo Convoy Interrupts . | . . . . . . . . . . . . . . . Stealth | -11 -10 -10 -10 -9 -8 -7 -7 -7 -6 -5 -5 -5 -5 -4 --------- Run | Yrd Mat Min Exi Min Mat Fac Low Low Fac Fac Upp Upp Zhi Pro Distress Signals 3 | . 1 . . . 2 . . . . . . . . . Communications Jammed . | . . . . . . . . . . . . . . . Distress Signals . | . . . . . . . . . . . . . . . Times Spotted 75 | . 21 . . . 13 . 3 4 5 6 7 3 . 13 Peak Tracking Total 7 | . 6 . . . 7 . 3 4 2 4 4 2 . 4 Tactical Retreats 16 | . 2 . . . 1 . . 1 2 1 4 1 . 4 ECM-based Alert Blocks 8 | . . . . . . . . . 4 . 4 . . . Traps | -11 -10 -10 -10 -9 -8 -7 -7 -7 -6 -5 -5 -5 -5 -4 ------- Run | Yrd Mat Min Exi Min Mat Fac Low Low Fac Fac Upp Upp Zhi Pro Traps Triggered 1 | . 1 . . . . . . . . . . . . . Indirectly . | . . . . . . . . . . . . . . . Trap Hack Attempts . | . . . . . . . . . . . . . . . Triggered . | . . . . . . . . . . . . . . . Disarmed . | . . . . . . . . . . . . . . . Reprogrammed . | . . . . . . . . . . . . . . . Reused . | . . . . . . . . . . . . . . . Traps Extracted . | . . . . . . . . . . . . . . . Installed . | . . . . . . . . . . . . . . . Triggered . | . . . . . . . . . . . . . . . Machines | -11 -10 -10 -10 -9 -8 -7 -7 -7 -6 -5 -5 -5 -5 -4 ---------- Run | Yrd Mat Min Exi Min Mat Fac Low Low Fac Fac Upp Upp Zhi Pro Machines Disabled 2 | . 2 . . . . . . . . . . . . . Max in Single Turn 1 | . 1 . . . . . . . . . . . . . Machines Repaired . | . . . . . . . . . . . . . . . Machines Dismantled . | . . . . . . . . . . . . . . . Machines Sabotaged . | . . . . . . . . . . . . . . . Overloaded Fab Kills . | . . . . . . . . . . . . . . . Hacking | -11 -10 -10 -10 -9 -8 -7 -7 -7 -6 -5 -5 -5 -5 -4 --------- Run | Yrd Mat Min Exi Min Mat Fac Low Low Fac Fac Upp Upp Zhi Pro Machines Accessed 27 | . 3 . 2 . 6 1 1 . 6 4 . . 4 . Terminals 13 | . 3 . . . 5 1 . . 3 1 . . . . Fabricators 3 | . . . . . . . . . 2 1 . . . . Repair Stations 1 | . . . . . . . . . . 1 . . . . Recycling Units 1 | . . . . . 1 . . . . . . . . . Scanalyzers 2 | . . . . . . . . . 1 1 . . . . Garrison Access . | . . . . . . . . . . . . . . . Total Hacks 72 | . 8 . 2 . 20 1 1 . 12 11 . . 17 . Successful 44 | . 3 . 2 . 8 1 1 . 5 7 . . 17 . Failed 27 | . 4 . . . 12 . . . 7 4 . . . . Catastrophic 5 | . . . . . 1 . . . 3 1 . . . . Database Lockouts 1 | . 1 . . . . . . . . . . . . . Manual 43 | . 9 . 1 . 18 . . . 10 5 . . . . Terminals 36 | . 8 . . . 18 1 . . 6 3 . . . . Fabricators 7 | . . . . . . . . . 4 3 . . . . Repair Stations 1 | . . . . . . . . . . 1 . . . . Recycling Units 2 | . . . . . 2 . . . . . . . . . Scanalyzers 6 | . . . . . . . . . 2 4 . . . . Garrison Access . | . . . . . . . . . . . . . . . Terminal Hacks 27 | . 3 . 2 . 2 1 1 . . 1 . . 17 . Record 6 | . . . 1 . . . . . . . . . 5 . Part Schematic 5 | . 1 . . . . . . . . . . . 4 . Robot Analysis 4 | . . . . . . . . . . . . . 4 . Prototype ID Bank 4 | . . . . . . . . . . . . . 4 . Open Door 1 | . . . . . . . 1 . . . . . . . Open DSF 1 | . . . . . . 1 . . . . . . . . Branch Access Points 2 | . . . . . 1 . . . . 1 . . . . Registered Components 3 | . 2 . . . 1 . . . . . . . . . Proto ID Catalog 1 | . . . 1 . . . . . . . . . . . Fabricator Hacks . | . . . . . . . . . . . . . . . Repair Station Hacks 1 | . . . . . . . . . . 1 . . . . Refit 1 | . . . . . . . . . . 1 . . . . Recycling Unit Hacks 2 | . . . . . 2 . . . . . . . . . Report Inventory 1 | . . . . . 1 . . . . . . . . . Retrieve Components 1 | . . . . . 1 . . . . . . . . . Scanalyzer 5 | . . . . . . . . . 2 3 . . . . Insert Component 2 | . . . . . . . . . 1 1 . . . . Analyze 2 | . . . . . . . . . 1 1 . . . . Retrieve Study 1 | . . . . . . . . . . 1 . . . . Garrison Access Hacks . | . . . . . . . . . . . . . . . Unauthorized Hacks 9 | . . . . . 4 . . . 3 2 . . . . Terminals 6 | . . . . . 4 . . . 1 1 . . . . Botnet 6 | . . . . . 4 . . . 1 1 . . . . Fabricators 3 | . . . . . . . . . 2 1 . . . . Fabnet 3 | . . . . . . . . . 2 1 . . . . Repair Stations . | . . . . . . . . . . . . . . . Recycling Units . | . . . . . . . . . . . . . . . Scanalyzers . | . . . . . . . . . . . . . . . Garrison Access . | . . . . . . . . . . . . . . . Data Cores Recovered . | . . . . . . . . . . . . . . . Used . | . . . . . . . . . . . . . . . Hacking Detections 15 | . 2 . . . 5 . . . 5 3 . . . . Full Trace Events . | . . . . . . . . . . . . . . . Feedback Events . | . . . . . . . . . . . . . . . Feedback Blocked . | . . . . . . . . . . . . . . . Robot Schematics Acquired . | . . . . . . . . . . . . . . . Robots Built . | . . . . . . . . . . . . . . . Authchips . | . . . . . . . . . . . . . . . Time . | . . . . . . . . . . . . . . . Total Robot Build Rating . | . . . . . . . . . . . . . . . Part Schematics Acquired 7 | . 1 . . . . . . . 1 1 . . 4 . Parts Built . | . . . . . . . . . . . . . . . Authchips . | . . . . . . . . . . . . . . . Time . | . . . . . . . . . . . . . . . Total Part Build Rating . | . . . . . . . . . . . . . . . Part Studies Acquired 1 | . . . . . . . . . . 1 . . . . Parts Repaired . | . . . . . . . . . . . . . . . Time . | . . . . . . . . . . . . . . . Parts Recycled . | . . . . . . . . . . . . . . . Recycled Matter . | . . . . . . . . . . . . . . . Retrieved Matter . | . . . . . . . . . . . . . . . Retrieved Components 5 | . . . . . 5 . . . . . . . . . Parts Scanalyzed 2 | . . . . . . . . . 1 1 . . . . Part Schematics Acquired 2 | . . . . . . . . . 1 1 . . . . Parts Damaged . | . . . . . . . . . . . . . . . Bothacking | -11 -10 -10 -10 -9 -8 -7 -7 -7 -6 -5 -5 -5 -5 -4 ------------ Run | Yrd Mat Min Exi Min Mat Fac Low Low Fac Fac Upp Upp Zhi Pro Used RIF Installer . | . . . . . . . . . . . . . . . Robots Hacked 1 | . . . . . . . . . . . . 1 . . Non-combat . | . . . . . . . . . . . . . . . Combat 1 | . . . . . . . . . . . . 1 . . Robot Hacks Applied . | . . . . . . . . . . . . . . . Relay Couplers Released . | . . . . . . . . . . . . . . . Fabnet Peak Effective % 6 | . . . . . . . . . . 6 6 6 6 5 Autooverrided 1 | . . . . . . . . . . . . 1 . . Robots Rewired 2 | . . . . . . 2 . . . . . . . . Allies Hacked . | . . . . . . . . . . . . . . . Hacks Repelled . | . . . . . . . . . . . . . . . Allies | -11 -10 -10 -10 -9 -8 -7 -7 -7 -6 -5 -5 -5 -5 -4 -------- Run | Yrd Mat Min Exi Min Mat Fac Low Low Fac Fac Upp Upp Zhi Pro Total Allies 3 | . . . . . . 2 . . . . . 1 . . Largest Group 2 | . . . . . . 2 2 1 . . . 1 . . Highest-Rated Group 44 | . . . . . . 44 44 32 . . . 29 . . Highest-Rated Ally 32 | . . . . . . 32 32 32 . . . 29 . . Total Orders . | . . . . . . . . . . . . . . . Ally Attacks 11 | . . . . . . . 6 2 . . . 3 . . Total Damage 163 | . . . . . . . 44 83 . . . 36 . . Kills 1 | . . . . . . . 1 . . . . . . . Allies Corrupted 1 | . . . . . . . . . . . . 1 . . Allies Melted 1 | . . . . . . . . 1 . . . . . . Intel | -11 -10 -10 -10 -9 -8 -7 -7 -7 -6 -5 -5 -5 -5 -4 ------- Run | Yrd Mat Min Exi Min Mat Fac Low Low Fac Fac Upp Upp Zhi Pro Active Infowar (turns) 3738 | . 634 13 437 389 376 172 358 47 220 126 239 222 103 402 Optics 1889 | . . . . . . 172 358 47 220 126 239 222 103 402 Structural 2562 | . 634 13 437 389 376 172 358 47 136 . . . . . Seismic 1351 | . . . . . 284 . . . 220 126 239 222 103 157 T.N.C. 927 | . . . . . 341 172 358 47 9 . . . . . Machine Analysis 1090 | . . . . . . . . . . 124 239 222 103 402 ECM 421 | . . . . . . . . . 84 . 177 160 . . Robot Analysis Total 4 | . . . . . . . . . . . . . 4 . Derelict Logs Recovered 6 | . . . . 2 . . 2 . . . . 1 . 1 Drone Launches . | . . . . . . . . . . . . . . . Drone Recoveries . | . . . . . . . . . . . . . . . Exploration | -11 -10 -10 -10 -9 -8 -7 -7 -7 -6 -5 -5 -5 -5 -4 ------------- Run | Yrd Mat Min Exi Min Mat Fac Low Low Fac Fac Upp Upp Zhi Pro Turns Passed 3909 | 60 745 13 437 389 376 172 358 47 220 126 239 222 103 402 Spaces Moved 4498 | 44 443 10 360 311 572 210 436 81 415 246 366 355 148 501 Core 7 | 4 . . . . . 3 . . . . . . . . Treads . | . . . . . . . . . . . . . . . Legs 1263 | 40 443 10 360 311 . . . . . . . . 3 96 Wheels . | . . . . . . . . . . . . . . . Hover . | . . . . . . . . . . . . . . . Flight 3228 | . . . . . 572 207 436 81 415 246 366 355 145 405 Fastest Speed 50 | 50 120 120 120 120 50 50 50 50 50 50 50 50 50 50 Average Speed 70 | 113 120 120 120 120 50 58 50 50 50 50 50 50 51 63 Slowest Speed 650 | 120 120 120 120 120 50 650 50 50 50 50 50 50 190 120 Overloaded Moves . | . . . . . . . . . . . . . . . Propulsion Burnouts . | . . . . . . . . . . . . . . . Robots Hopped 26 | . . . . . 10 . . . 6 3 6 . . 1 Potential Cave-ins . | . . . . . . . . . . . . . . . Cave-ins Triggered . | . . . . . . . . . . . . . . . Teleports 1 | . . . . . . . . . . . . . . 1 Exploration Rate (%) 42 | 3 64 4 75 72 56 8 63 13 19 9 54 67 60 77 Regions Visited 14 Branch Regions 9 Pre-discovered Areas 3 | . . . . . . . . . . . . . 3 . Known Exits Taken 2 | . . . . . 1 . . . . 1 . . . . Unknown Exits Taken 12 | 1 1 1 1 1 . 1 1 1 1 . 1 1 1 . Scrap Searched 10 | . . . . 2 . . 3 . . . 2 2 . 1 Spaces Dug . | . . . . . . . . . . . . . . . Terrain Destroyed 90 | . 1 . . . . . . . . . . 35 . 54 Melee . | . . . . . . . . . . . . . . . Projectile 6 | . 1 . . . . . . . . . . . . 5 AOE 84 | . . . . . . . . . . . . 35 . 49 Terrain Rammed . | . . . . . . . . . . . . . . . Walls Destroyed . | . . . . . . . . . . . . . . . Machines Disabled . | . . . . . . . . . . . . . . . Actions | -11 -10 -10 -10 -9 -8 -7 -7 -7 -6 -5 -5 -5 -5 -4 --------- Run | Yrd Mat Min Exi Min Mat Fac Low Low Fac Fac Upp Upp Zhi Pro Total 5027 | 51 555 10 368 321 632 260 559 83 422 244 413 382 176 551 Wait 241 | . 29 . . 1 23 20 106 . . . 46 10 . 6 Move 4436 | 43 442 9 359 310 552 209 435 80 402 239 356 354 147 499 Hop 22 | . . . . . 9 . . . 6 3 3 . . 1 Pick Up 54 | 2 13 . 3 2 14 7 2 . 6 . 2 1 2 . Fast Attach 28 | 6 1 . . . 3 4 1 . . . 1 1 10 1 Attach 25 | . 2 . . . 3 4 . . 3 1 1 2 1 8 Detach 13 | . . . . . 3 3 . . 1 . . 1 5 . Swap 22 | . 6 1 . 1 3 1 3 . 1 1 3 2 . . Drop 55 | . 7 . 6 3 9 9 4 . 3 . 1 2 11 . Fire 120 | . 55 . . 4 13 . 8 3 . . . 9 . 28 Melee 3 | . . . . . . 3 . . . . . . . . Ram . | . . . . . . . . . . . . . . . Kick 8 | . . . . . . . . . . . . . . 8 Crush . | . . . . . . . . . . . . . . . Escape Stasis . | . . . . . . . . . . . . . . . Rewire . | . . . . . . . . . . . . . . . Trap . | . . . . . . . . . . . . . . . Miscellaneous . | . . . . . . . . . . . . . . . Route ------- -11/Scrapyard -10/Materials (discovered 4 exits: [*Mat] / [*Min x2] / [*Sub]) -10/Mines -10/Exiles -9/Mines -8/Materials -7/Factory -7/Lower Caves -7/Lower Caves -6/Factory -5/Factory (discovered 3 exits: [*Fac] / *Upp x2) -5/Upper Caves -5/Upper Caves (discovered 2 exits: [*Fac] / *Zhi) -5/Zhirov -4/Proximity Caves History --------- Turn | Location | Event 7 | -11/Scrapyard | Discovered new exit (range 15) 61 | -11/Scrapyard | Entered Materials 174 | -10/Materials | Central database locked down 316 | -10/Materials | Build established: Mutant 401 | -10/Materials | Discovered new exit (range 9) 455 | -10/Materials | Discovered new exit (range 8) 585 | -10/Materials | Discovered new exit (range 5) 604 | -10/Materials | Discovered new exit (range 13) 627 | -10/Materials | Build established: Scavenger-Mutant 806 | -10/Materials | Entered Mines 814 | -10/Mines | Deemed a non-threat by the Exiles lab entrance 814 | -10/Mines | Discovered new exit (range 5) 819 | -10/Mines | Entered Exiles 849 | -10/Exiles | Met 8R-AWN 869 | -10/Exiles | Met EX-HEX 909 | -10/Exiles | Met EX-BIN 926 | -10/Exiles | Aligned with FarCom system 927 | -10/Exiles | Given EX-Vault access code 955 | -10/Exiles | Opened EX-Vault 967 | -10/Exiles | Found Flying Fortress v7 1022 | -10/Exiles | Warned to stay clear of 0b10 Research branches 1054 | -10/Exiles | Met EX-DEC 1247 | -10/Exiles | Discovered new exit (range 10) 1256 | -10/Exiles | Left Exiles lab with Flying Fortress v7 1256 | -10/Exiles | Entered Mines 1268 | -9/Mines | Met a Derelict bent on vengeance 1299 | -9/Mines | Learned Materials trap positions 1637 | -9/Mines | Learned 2 Materials zone layouts 1638 | -9/Mines | Discovered new exit (range 6) 1645 | -9/Mines | Entered Materials 1645 | -8/Materials | Evolved 4 slots: Propulsion x2, Utility x2 1646 | -8/Materials | Identified exit to Factory 1647 | -8/Materials | Loaded intel: 16 trap records 2004 | -8/Materials | Build established: Scout 2021 | -8/Materials | Entered Factory 2021 | -7/Factory | Evolved 2 slots: Utility x2 2031 | -7/Factory | Identified exit to DSF 2122 | -7/Factory | Discovered new exit (range 7) 2193 | -7/Factory | Entered Lower Caves 2193 | -7/Lower Caves | Accompanied by 2 allies 2211 | -7/Lower Caves | Learned Factory trap positions 2470 | -7/Lower Caves | Discovered new exit (range 17) 2499 | -7/Lower Caves | Build established: Mutant 2551 | -7/Lower Caves | Entered another Lower Caves area 2551 | -7/Lower Caves | Accompanied by 1 ally 2557 | -7/Lower Caves | Discovered new exit (range 6) 2598 | -7/Lower Caves | Entered Factory 2598 | -6/Factory | Evolved 2 slots: Utility x2 2599 | -6/Factory | Loaded intel: 71 trap records 2812 | -6/Factory | Discovered new exit (range 4) 2818 | -6/Factory | Entered another Factory area 2818 | -5/Factory | Evolved 2 slots: Power x1, Utility x1 2819 | -5/Factory | Identified exit to Upper Caves 2895 | -5/Factory | Discovered new exit (range 12) 2944 | -5/Factory | Entered Upper Caves 2956 | -5/Upper Caves | Spotted B-75 Beast 3101 | -5/Upper Caves | Attracted the attention of an 0b10 checkpoint 3181 | -5/Upper Caves | Discovered new exit (range 5) 3183 | -5/Upper Caves | Entered another Upper Caves area 3197 | -5/Upper Caves | Discovered new exit (range 15) 3252 | -5/Upper Caves | Build established: Hacker-Mutant 3395 | -5/Upper Caves | Discovered new exit (range 20) 3405 | -5/Upper Caves | Entered Zhirov 3405 | -5/Zhirov | Discovered new exit (range 3) 3415 | -5/Zhirov | Met Zhirov 3427 | -5/Zhirov | Learned location of Quarantine (-3) 3427 | -5/Zhirov | Learned location of Testing (-2) 3427 | -5/Zhirov | Learned location of Command (-1) 3430 | -5/Zhirov | Zhirov requested help retrieving the SGEMP Prototype 3438 | -5/Zhirov | Found Alien Artifact 3438 | -5/Zhirov | Identified Integrated Reactor 3438 | -5/Zhirov | Installed Integrated Reactor, increased core energy generation (+10) 3448 | -5/Zhirov | Found Alien Artifact 3508 | -5/Zhirov | Entered Proximity Caves 3529 | -4/Proximity Caves | Attracted the attention of an 0b10 checkpoint 3693 | -4/Proximity Caves | Learned Research security intel 3779 | -4/Proximity Caves | Core integrity fell below 50% 3847 | -4/Proximity Caves | Lost 10 parts (1p1n3u5w) 3848 | -4/Proximity Caves | Identified Transdimensional Reconstructor 3848 | -4/Proximity Caves | Warped through subspace 3887 | -4/Proximity Caves | Core integrity fell below 20% 3905 | -4/Proximity Caves | Spotted B-86 Titan 3910 | -4/Proximity Caves | Destroyed by B-86 Titan with Hardcell Cannon Last Messages --------------- 03849_ Acquired 1 matter. 03849_ Acquired 5 matter. 03850_ Acquired 4 matter. 03853_ Acquired 3 matter. 03853_ Acquired 4 matter. 03857_ Acquired 3 matter. 03858_ Acquired 14 matter. 03858_ Acquired 4 matter. 03859_ Acquired 5 matter. 03859_ Acquired 3 matter. 03859_ Acquired 2 matter. 03861_ Acquired 1 matter. 03861_ N/XRPCXKLUPODQ>SXW#LJ VZVO2BEOSZNPXCRHLP 03886_ Slug penetrates Abandoned Machinery. 03886_ Penetrated by Slug. 03900_ Slug penetrates Wall. 03900_ Penetrated by Slug. 03900_ Slug penetrates Wall. 03910_ Penetrated by Slug. 03910_ Critical hit (Meltdown: +360). Map ----- +----------------------------------------------------+ | #????????????????????????????????????????????? | | #####????????????????????????????????????????????? | | #????????????????????????????????????????????????? | | #????????????????????????????????????????????????? | | #????????????????????????????????????????????????? | | #???###??????????????????????????????????????????? | | #?## #??????????????????????????????????????????? | | ### #??????????????????????????????????????????? | | ## #??????????????????????????????????????????? | | #??????????????????????????????????????????? | | ! #??????????????????????????????????????????? | | ## ##??????????????????????????????????????????? | | ?## ##???????????????????????????????????????????? | | ### ######???????????????????????????????????????? | | #???????????????????????????????????????? | | ###?????????????????????????????????????? | | #????????????###??????????????????????? | | """"" #???????????? ##?????????????????????? | | """""" # #???????????? ############??????????? | | "" "" # ##??????????? ???????????? | | """ ##?####?????# ?????????????? | | # ### ####### #????????????????? | | """""" ## ## ## #?????????????????? | | """ " ### #?????????????????? | | """ #?# % #?????????????????? | | "" ## ######### @ #?????????????????? | | ## #???????## BB #???????????????? | | ## #????????# BB #????????????? | | ### #????????# ?????????? | | #######?#####????????# # #???????? | | ##??????????????????? #####? ## #??????? | | #??????????????????? #???????#??? #??????? | | #???????????????????# #??????????????#??????? | | #?####???????????????# #?????????????????????? | | #?# ##?????????###??# ?????????????????????? | | ### #???????### ##### #?????????????????????? | | ## #??????## #?##?????????????????????? | | ######## #?????????????????????????? | | ## ### ###?????????????????????????? | | # ##?????# #### #???????????????????????????? | | ######?#### #### #???????????????????????????? | | ### ## ##??????????????????????????? | | ## #??????????????????????????? | | ## ###??????????????????????????? | | ### ### ####????????????????????????????? | | # ##### #?# #???????????????????????????????? | | # #?## #???????????????????????????????? | | #??## ######???????????????????????????????? | | #" ###?###????????????????????????????????????? | | #### #????????????????????????????????????????? | +----------------------------------------------------+ Best States ------------- Heat Dissipation 40 Energy Generation 33 Energy Capacity 300 Matter Stores 300 Matter Capacity 300 Sight Range 20 Terrain Scan Density 10 ECM Strength 1 Armor Coverage 150 Propulsion Shielding 15 Evasion (%) 68 Offensive Hacking 20 Defensive Hacking 10 Item Schematics ----------------- Lrg. Storage Unit | -10/Materials | Hacked Mak. Light Armor Plating | -6/Factory | Scanalyzed ECM Suite | -5/Factory | Scanalyzed Assault Drone Bay | -5/Zhirov | Free Exp. Heat Sink | -5/Zhirov | Free Exp. Optical Array | -5/Zhirov | Free Imp. Arc Thrower | -5/Zhirov | Free Robot Schematics ------------------ None Fabricated ------------ Nothing Repaired ---------- Nothing Studied --------- Mic. Nuclear Core | -5/Factory | Hacked Alien Tech Used ----------------- Integrated Reactor Transdimensional Reconstructor Achievements -------------- None Challenges ------------ None Game ------ Seed FlyingTimingNanovents Manual? 0 Play Time 00:53:47 Cumulative 168.3 hours Start 2026.06.25 @ 13:45:37 End 2026.06.25 @ 14:36:43 Sessions 1 Manual Loads 0 Difficulty Rogue Special Mode None Game No. 228 Rogue 228 Adventurer 0 Explorer 0 Win Type - Total 2 Types 2/0/0/0/0/0/0/0/0/0 Lore% 73 Gallery% 55 Achievement% 42 Wizard Run 0 Options --------- Layout 0 ASCII 0 Keyboard 0 Movement Numpad Keybinds 0 Fullscreen 1 Font 18/Terminus Map View 76x50 Zoom Use 0% Tactical HUD 1 Map Filters NONE Filters NONE Steam 1 RUN: 22508f09-f9c6-4749-85cb-bfa22be70b94